 Dungeon Crawl Stone Soup version 0.19.0-2-gae57169 (webtiles) character file.

777757 varam the Executioner (level 27, -7/178 HPs)
             Began as a Gargoyle Monk on Nov 4, 2016.
             Was a High Priest of Okawaru.
             Killed from afar by an acid blob (8 damage)
             ... with a splash of acid
             ... on level 3 of the Realm of Zot on Nov 5, 2016.
             The game lasted 06:05:06 (85929 turns).

varam the Executioner (Gargoyle Monk)              Turns: 85929, Time: 06:05:08

Health: -7/178     AC: 25    Str: 25    XL:     27
Magic:  28/30      EV: 37    Int: 22    God:    Okawaru [*****.]
Gold:   9536       SH:  0    Dex: 34    Spells: 10 memorised, 11 levels left

rFire  . . .     SeeInvis +     x - +9 executioner's axe (freeze)
rCold  . . .     Gourm    .     i - +7 chain mail of Anarchy {+Blink Str+4 Int+4 Dex+3}
rNeg   + . .     Faith    .     (shield currently unavailable)
rPois  ∞         Spirit   .     V - +0 mask of the Dragon {MR+ Slay+3 SInv}
rElec  +         Reflect  .     j - +2 cloak {MR+}
rCorr  .         Harm     .     Q - +4 pair of gloves of Okawaru's Delight {Dex+8}
MR     ++++.                    Y - +2 pair of boots {Stlth+}
Stlth  +++.......               u - amulet of Ponen {+Rage Int+6}
                                C - +5 ring of evasion
                                A - ring of Duyhoiv {Dex+3 Slay+3 Stlth-}

@: heroism, corroded, flying, very slightly contaminated
A: antennae 1, big wings, beak, thin skeletal structure 1, yellow scales 2, low
mp 1, negative energy resistance 1, electricity resistance, unbreathing,
petrification resistance, rot immunity, AC +20
a: Stop Flying, Heroism, Finesse, Renounce Religion, Evoke Blink, Evoke Berserk
Rage
}: 5/15 runes: decaying, serpentine, slimy, silver, abyssal


You were on level 3 of the Realm of Zot.
You worshipped Okawaru.
Okawaru was extremely pleased with you.
You were not hungry.

You visited 13 branches of the dungeon, and saw 58 of its levels.
You visited the Abyss 1 time.
You also visited: Trove and Wizlab.

You collected 13776 gold pieces.
You spent 4240 gold pieces at shops.

Inventory:

Hand Weapons
 e - a +4 triple crossbow of flaming
 w - the +1 great mace of Ycapalinn {freeze, *Slow rF+ rN+++ Str+4}
   (Okawaru gifted it to you on level 10 of the Dungeon)

   It has been specially enchanted to freeze those struck by it, causing extra
   injury to most foes and up to half again as much damage against particularly
   susceptible opponents.
   It can also slow down cold-blooded creatures.
   It affects your strength (+4).
   It protects you from fire.
   It renders you almost immune to negative energy.
   It may slow you when you take damage.
 x - a +9 executioner's axe of freezing (weapon)
 P - a +1 antimagic battleaxe
Missiles
 m - 579 bolts
Armour
 f - +5 fire dragon scales
 i - the +7 chain mail of Anarchy (worn) {+Blink Str+4 Int+4 Dex+3}
   (You took it off a vault warden on level 5 of the Vaults)

   It affects your strength (+4).
   It affects your intelligence (+4).
   It affects your dexterity (+3).
   It lets you blink.
 j - a +2 cloak of magic resistance (worn)
 Q - the +4 pair of gloves of Okawaru's Delight (worn) {Dex+8}
   (Okawaru gifted it to you on level 2 of the Snake Pit)

   It affects your dexterity (+8).
 V - the +0 mask of the Dragon (worn) {MR+ Slay+3 SInv}
   (You bought it in a shop on level 2 of the Snake Pit)

   It affects your accuracy and damage with ranged weapons and melee attacks
   (+3).
   It affects your resistance to hostile enchantments.
   It lets you see invisible.
 Y - a +2 pair of boots of stealth (worn)
Jewellery
 q - the ring of Huitwuang {rC+ MP+9 Str+2}
   (You found it on level 1 of the Lair of Beasts)

   [ring of protection from cold]

   It affects your strength (+2).
   It protects you from cold.
   It affects your magic capacity (+9).
 u - the amulet of Ponen (around neck) {+Rage Int+6}
   (You found it on level 5 of the Pits of Slime)

   [amulet of rage]

   It affects your intelligence (+6).
   It lets you go berserk.
 A - the ring of Duyhoiv (left hand) {Dex+3 Slay+3 Stlth-}
   (You took it off an ironheart preserver on level 2 of the Vaults)

   [ring of loudness]

   It affects your dexterity (+3).
   It affects your accuracy and damage with ranged weapons and melee attacks
   (+3).
   It makes you less stealthy.
 C - a +5 ring of evasion (right hand)
 W - an uncursed ring of resist corrosion
Wands
 g - a wand of teleportation (4/9)
 E - a wand of iceblast (8/15)
 H - a wand of heal wounds (2/9)
 O - a wand of digging (2/24)
 X - a wand of hasting (6/9)
Scrolls
 c - 19 scrolls of teleportation
 k - 2 scrolls of amnesia
 l - 18 scrolls of remove curse
 n - 8 scrolls of fear
 o - 5 scrolls of enchant armour
 p - 7 scrolls of fog
 r - a scroll of silence
 v - 8 scrolls of magic mapping
 y - a scroll of identify
 R - 2 scrolls of blinking
 T - a scroll of enchant weapon
Potions
 a - 7 potions of resistance
 b - 7 potions of haste
 h - 26 potions of curing
 s - a potion of might
 t - 2 potions of berserk rage
 B - 3 potions of heal wounds
 M - 4 potions of agility
Books
 J - the Grimoire of Shifting Augmentations
   (You found it on level 1 of the Realm of Zot)

   Spells                             Type                      Level
   a - Infusion                       Charms                       1
   b - Beastly Appendage              Transmutation                1
   c - Song of Slaying                Charms                       2
   d - Sticks to Snakes               Transmutation                2
   e - Ozocubu's Armour               Charms/Ice                   3
   f - Ice Form                       Ice/Transmutation            4
   g - Deflect Missiles               Charms/Air                   6
 K - the Almanac of the Supportive Glacier
   (You found it on level 1 of the Realm of Zot)

   Spells                             Type                      Level
   a - Freeze                         Ice                          1
   b - Summon Butterflies             Summoning                    1
   c - Summon Guardian Golem          Hexes/Summoning              3
   d - Recall                         Summoning/Translocation      3
   e - Summon Demon                   Summoning                    5
   f - Spellforged Servitor           Conjuration/Summoning        7
 S - the Handbook of the Escort
   (You found it on level 2 of the Realm of Zot)

   Spells                             Type                      Level
   a - Summon Small Mammal            Summoning                    1
   b - Summon Guardian Golem          Hexes/Summoning              3
   c - Malign Gateway                 Summoning/Translocation      7
   d - Dragon's Call                  Summoning                    9
Miscellaneous
 D - a phantom mirror
 G - 6 boxes of beasts
 U - a disc of storms
 Z - 6 sacks of spiders
Comestibles
 d - 5 fruits
 z - a chunk of flesh
 F - 2 meat rations
 I - a slice of pizza
 L - 4 bread rations


   Skills:
 - Level 19.7(24.7) Fighting
 - Level 21.7(27) Axes
 - Level 18.5(27) Maces & Flails
 - Level 16.7(21.7) Crossbows
 - Level 19.1(24.1) Armour
 - Level 17.1(22.1) Dodging
 - Level 7.2(12.2) Stealth
 - Level 7.2 Spellcasting
 + Level 11.5 Charms
 - Level 13.8 Translocations
 - Level 7.0 Transmutations
 + Level 10.6 Air Magic
 - Level 10.0 Earth Magic
 - Level 10.0 Invocations
 - Level 10.0 Evocations


You had 11 spell levels left.
You knew the following spells:

 Your Spells              Type           Power        Failure   Level  Hunger
a - Blink                 Tloc           N/A          1%          2    None
b - Deflect Missiles      Chrm/Air       ######....   38%         6    ######.
c - Lesser Beckoning      Tloc           ######....   1%          3    None
d - Passage of Golubria   Tloc           N/A          1%          4    ###....
e - Repel Missiles        Chrm/Air       ######       1%          2    None
g - Swiftness             Chrm/Air       ######..     1%          2    None
h - Silence               Hex/Air        ####......   71%         5    #####..
i - Summon Butterflies    Summ           #.......     24%         1    None
r - Passwall              Tmut/Erth      #####.....   1%          2    None
z - Song of Slaying       Chrm           ######..     1%          2    None


Dungeon Overview and Level Annotations

Branches:
Dungeon (15/15)            Temple (1/1) D:5            Lair (6/6) D:8
  Swamp (4/4) Lair:3        Snake (4/4) Lair:3        Slime (5/5) Lair:6
    Orc (2/2) D:9             Elf (3/3) Orc:2        Vaults (5/5) D:13
  Crypt (3/3) Vaults:2       Tomb (1/3) Crypt:3      Depths (5/5) D:15
    Zot (4/5) Depths:5

Altars:
Cheibriados
Dithmenos
Elyvilon
Fedhas
Gozag
Kikubaaqudgha
Makhleb
Nemelex Xobeh
Okawaru
Qazlal
Ru
Sif Muna
Trog
Uskayaw
Vehumet
Xom
Yredelemnul
Zin
The Shining One
Beogh

Shops:
D:12 %   Orc:2 =*[(   Elf:1 =   Snake:2 [   Snake:3 =}}(   Vaults:1 [
Vaults:2 *=*(*(![   Vaults:3 (

Portals:
Hell: Depths:1 Depths:2 Depths:3 Depths:4 Depths:5
Abyss: Depths:4
Pandemonium: Depths:3 Depths:4
Ziggurat: Depths:1

Annotations:
D:2 Natasha
D:5 1 runed door
Swamp:4 exclusion: Roxanne, Roxanne


Innate Abilities, Weirdness & Mutations

You are resistant to torment.
Your stone body is resilient. (AC +20)
You are immune to poison.
Your large and strong wings let you fly indefinitely.
You resist negative energy. (rN+)
You are resistant to electric shocks. (rElec)
You can survive without breathing.
You are immune to petrification.
You are immune to rotting.
You have a pair of small antennae on your head.
You have a beak for a mouth.
You have a somewhat thin skeletal structure. (Dex +2, Stealth)
You are mostly covered in yellow scales. (AC +3)
Your magical capacity is low. (-10% MP)


Message History

The acid corrodes you!
You are splashed with acid!
The acid burns!
* * * LOW HITPOINT WARNING * * *
The yellow draconian monk hits you!
* * * LOW HITPOINT WARNING * * *
The yellow draconian monk kicks you.
* * * LOW HITPOINT WARNING * * *
The yellow draconian monk tail-slaps you but does no damage.
Your blink will be uncontrolled - continue anyway?
The Orb prevents control of your translocation!
You blink.
As you read the scroll of blinking, it crumbles to dust.
Unknown command.
Casting: Lesser Beckoning
Confirm with . or Enter, or press ? or * to list all spells.
You miscast Summon Butterflies.
You are very lightly contaminated with residual magic.
Nothing appears to happen.
The acid blob spits acid at you. The splash of acid hits you!
You die...

.# #...##
##...##########. .#
##...## ##.............
.# ##...##
##.....>...... .##
##...## #############
..## ##...## ...##
##.))## #...## ##§..##
##...## ##q.J## ##...##
##.@.######## #####
##...## ##.%.......#
#.... ##...##
##........# #....
##..[## ####..#### #####
##...## #..# ##...##
#..# ##...## #..#
##...## #..#
##..)######..###########


You could see a yellow draconian monk and an acid blob.

Vanquished Creatures
  the Royal Jelly (Slime:5)
  Dissolution (Slime:5)
  Mara (Depths:4)
  3 juggernauts
  6 ancient liches
  A juggernaut (shapeshifter) (Vaults:5)
  Boris (Crypt:1)
  Frederick (Vaults:3)
  Bai Suzhen (Snake:4)
  Xtahua (Depths:4)
  5 curse toes
  Vashnia (Snake:2)
  A Killer Klown (Zot:3)
  A caustic shrike (Depths:1)
  12 golden dragons
  3 bone dragons
  An electric golem (Zot:2)
  The ghost of Enish the Acrobat, an adept MfAK of Lugonu (Elf:3)
  A Brimstone Fiend (Swamp:3)
  10 liches
  A shard shrike zombie (Crypt:2)
  Jorgrun (Swamp:1)
  17 tentacled monstrosities
  5 titans
  Asterion (Snake:2)
  2 deep elf blademasters (Elf:3)
  2 deep elf master archers (Elf:3)
  37 acid blobs
  18 sphinxes
  8 tentacled starspawn (Abyss:3)
  7 death cobs
  4 quicksilver dragons
  3 thorn hunters
  6 tengu reavers
  10 storm dragons
  3 ancient champions
  16 shadow dragons
  Donald (Snake:2)
  6 nagarajas (Snake:4)
  2 draconian monks
  18 fire giants
  21 vault wardens
  11 frost giants
  3 iron dragons
  13 azure jellies
  2 ghost moths
  5 draconian zealots
  2 curse skulls
  2 draconian knights
  4 orc warlords
  Aizul (Snake:1)
  9 deep elf sorcerers
  2 draconian scorchers (Zot:1)
  5 spriggan defenders
  18 ironheart preservers
  5 draconian shifters
  3 ghouls
  4 deep elf elementalists
  42 very ugly things
  A reaper (Depths:4)
  32 stone giants
  4 draconian annihilators
  The ghost of Kite the Severer, a journeyman MiBe of Trog (Lair:5)
  2 draconian callers (Zot:4)
  5 war gargoyles
  3 entropy weavers
  14 vampire knights
  A dire elephant (D:15)
  5 deep elf demonologists
  14 deep elf annihilators
  7 green draconians
  9 yellow draconians
  Azrael (Snake:1)
  5 black draconians
  A lorocyproca (Abyss:3)
  9 red draconians
  5 mottled draconians
  5 purple draconians
  6 white draconians
  8 deep elf death magi
  13 ettins
  A merfolk javelineer (Abyss:3)
  14 death oozes
  12 ogre magi
  6 deep elf high priests
  29 yaktaur captains
  7 jiangshi
  12 fire dragons
  6 mummy priests (Tomb:1)
  25 great orbs of eyes
  3 crystal guardians (Crypt:3)
  14 naga warriors
  26 hydras
  7 rakshasas
  A monstrous demonspawn (Depths:4)
  2 quicksilver dragon skeletons
  8 spriggan air magi
  A ghost crab (shapeshifter) (Depths:2)
  17 anacondas
  12 ice dragons
  A catoblepas (D:14)
  28 vault guards
  An anaconda (shapeshifter) (Depths:3)
  10 centaur warriors
  13 alligators
  A satyr (Abyss:3)
  28 dancing weapons
  7 death knights
  11 death scarabs (Tomb:1)
  9 deep troll shamans
  7 tengu warriors
  9 deep troll earth magi
  4 vampire magi
  4 spriggan berserkers
  5 death yaks
  2 hell hogs (Abyss:3)
  17 naga sharpshooters
  A death yak (shapeshifter) (Vaults:4)
  9 thrashing horrors (Abyss:3)
  Nergalle (Lair:1)
  8 orc high priests
  2 shock serpents (shapeshifter)
  6 shadow wraiths
  2 storm dragon zombies
  24 deep elf knights
  5 shock serpents
  6 salamander mystics (Snake:4)
  A sun demon (Depths:4)
  8 wretched stars (Abyss:3)
  A fire crab (shapeshifter) (Vaults:1)
  2 spriggan druids
  A sea snake (Snake:3)
  18 small abominations
  25 skeletal warriors
  2 spatial maelstroms (Abyss:3)
  2 unseen horrors (D:12)
  2 storm dragon skeletons (Crypt:2)
  4 iron trolls
  16 hell knights
  4 flayed ghosts
  41 deep trolls
  A glowing orange brain (shapeshifter) (Vaults:5)
  A swamp dragon (shapeshifter) (Elf:2)
  9 swamp dragons
  4 wizards
  Pikel (D:5)
  7 glowing orange brains
  2 sixfirhies
  An infernal demonspawn (Depths:4)
  6 hill giants
  2 harpies (shapeshifter)
  9 naga ritualists
  3 golden dragon zombies
  A hill giant (shapeshifter) (Vaults:2)
  10 phantasmal warriors
  4 harpies (Vaults:3)
  22 ironbrand convokers
  31 orc knights
  4 lindwurms (Snake:4)
  A shambling mangrove (Swamp:4)
  A tengu zombie (Vaults:3)
  18 necromancers
  2 iron dragon zombies
  12 mana vipers
  24 deep elf archers
  6 wolf spiders
  An orb spider (shapeshifter) (Vaults:5)
  A wolf spider zombie (Crypt:3)
  A frost giant zombie (Vaults:5)
  A shadow dragon zombie (Crypt:3)
  3 manticores
  4 cyclopes
  2 stone giant zombies
  A mana viper (shapeshifter) (Depths:1)
  9 orc sorcerers
  A faun (shapeshifter) (Vaults:4)
  9 shining eyes
  82 deep elf magi
  3 oklob plants
  A statue (Abyss:3)
  An iron dragon skeleton (Crypt:3)
  A fire giant zombie (Vaults:5)
  39 ugly things
  27 moths of wrath
  11 salamanders
  6 elephants (Lair:2)
  3 human skeletons
  A frost giant skeleton (Depths:3)
  A salamander (shapeshifter) (Depths:3)
  4 worldbinders (Abyss:3)
  7 guardian serpents
  2 stone giant skeletons
  A black mamba (shapeshifter) (Depths:4)
  41 black mambas
  4 eyes of devastation
  23 vault sentinels
  2 dire elephant zombies (Crypt:3)
  2 apocalypse crabs (Abyss:3)
  An orange demon (Depths:4)
  A water nymph (shapeshifter) (Vaults:5)
  2 spriggan zombies (Depths:1)
  6 gargoyles
  A storm dragon simulacrum (Vaults:3)
  2 torpor snails
  Joseph (D:9)
  22 spiny frogs
  17 smoke demons
  24 naga magi
  An elf skeleton (Depths:1)
  4 fire giant skeletons
  A dire elephant skeleton (Crypt:2)
  2 death yak zombies (Crypt:1)
  An emperor scorpion zombie (Crypt:1)
  A yaktaur (shapeshifter) (Vaults:5)
  2 rime drakes
  A demonic crawler (Abyss:3)
  7 komodo dragons
  9 freezing wraiths
  70 yaktaurs
  9 hellwings
  A white draconian skeleton (Crypt:1)
  5 ancient zymes (Abyss:3)
  2 redback zombies (D:15)
  5 guardian mummies (Tomb:1)
  A minotaur zombie (Crypt:2)
  A troll (shapeshifter) (Depths:4)
  3 tengu conjurers
  2 red devils
  A sea snake skeleton (Crypt:1)
  6 polar bears
  2 hornets (shapeshifter)
  13 trolls
  24 hornets
  A shadow dragon simulacrum (Depths:1)
  4 tyrant leeches
  A wind drake (shapeshifter) (Vaults:4)
  A polar bear (shapeshifter) (Vaults:3)
  A silent spectre (Abyss:3)
  14 two-headed ogres
  5 bog bodies
  2 jumping spiders (shapeshifter)
  15 blink frogs
  149 slime creatures
  3 dream sheep (Lair:2)
  An elf zombie (Depths:3)
  A raiju (shapeshifter) (Vaults:3)
  A dream sheep (shapeshifter) (Depths:2)
  5 raiju (Abyss:3)
  A blink frog (shapeshifter) (Vaults:3)
  A death drake skeleton (Crypt:2)
  A stone giant simulacrum (Vaults:2)
  A slime creature (shapeshifter) (Depths:2)
  3 human simulacra
  A hippogriff (shapeshifter) (Vaults:1)
  11 hippogriffs
  49 flying skulls
  4 ynoxinuls (Abyss:3)
  9 starcursed masses (Abyss:3)
  A fire dragon skeleton (Abyss:3)
  13 air elementals
  A centaur simulacrum (D:14)
  4 shadows
  8 water elementals
  4 wraiths
  28 spriggans
  A spriggan (shapeshifter) (Vaults:5)
  7 vampires
  2 wyverns
  2 ushabtiu (Tomb:1)
  3 fire bats (Abyss:3)
  A basilisk (Lair:6)
  3 golden eyes (Slime:1)
  20 humans
  A basilisk (shapeshifter) (Vaults:1)
  5 chaos spawn (Abyss:3)
  38 yaks
  9 fire elementals
  3 hogs (D:8)
  A neqoxec (Abyss:3)
  3 hill giant zombies
  4 hungry ghosts
  3 mottled dragons
  6 wargs
  4 spatial vortices (Abyss:3)
  32 vampire mosquitoes
  8 hydra simulacra (Depths:2)
  46 nagas
  A swamp worm (shapeshifter) (Depths:1)
  22 swamp worms
  A floating eye (Depths:3)
  8 insubstantial wisps
  17 large abominations (Abyss:3)
  2 soldier ants
  2 hell hounds
  A monstrous demonspawn skeleton (Crypt:2)
  10 water moccasins
  A hornet zombie (D:12)
  13 swamp drakes
  11 sky beasts
  14 porcupines
  A black bear (shapeshifter) (Elf:3)
  A ghost crab zombie (Crypt:1)
  2 phantoms
  10 eyes of draining
  58 orc warriors
  7 black bears
  2 ice beasts
  54 ogres
  An ogre (shapeshifter) (Vaults:3)
  6 necrophages
  7 boggarts
  29 wolves
  A crocodile (shapeshifter) (Depths:3)
  21 centaurs
  11 crocodiles
  A snapping turtle skeleton (Tomb:1)
  2 human zombies (Vaults:3)
  4 big kobolds
  13 bullfrogs
  8 earth elementals
  A wyvern zombie (D:14)
  2 wyvern skeletons
  5 scorpions
  7 troll zombies
  22 killer bees
  27 wights
  3 howler monkeys
  A howler monkey (shapeshifter) (Depths:1)
  4 electric eels
  2 jellies
  8 crimson imps
  2 bullfrog zombies
  3 centaur zombies
  7 hounds
  4 iron imps
  4 quasits
  18 orc priests
  47 orc wizards
  5 bullfrog skeletons
  6 centaur skeletons
  15 worker ants
  4 iguanas
  A crocodile zombie (Crypt:2)
  A demigod zombie (Crypt:2)
  15 ogre zombies
  2 hound zombies
  A hound skeleton (D:6)
  6 mummies (Tomb:1)
  3 worker ant zombies
  4 gnolls (D:6)
  13 adders
  A steam dragon skeleton (Crypt:2)
  5 shadow imps
  A white imp (Depths:4)
  3 ufetubi
  3 oozes
  A worm (D:3)
  5 dart slugs
  3 leopard geckos
  138 orcs
  2 ball pythons (D:3)
  6 giant cockroaches
  9 goblins
  2 hobgoblins
  9 jackals
  2 quokkas
  5 bats
  6 frilled lizards
  A gnoll skeleton (Crypt:2)
  2 goblin zombies (D:9)
  4 hobgoblin skeletons
  A hobgoblin zombie (D:9)
  A jackal skeleton (D:6)
  25 kobolds
  A leopard gecko skeleton (D:5)
  An orc skeleton (D:9)
  17 orc zombies (D:9)
  A quokka skeleton (D:8)
  11 rats
  6 briar patches
  4 crawling corpses
  4 lurking horrors (Abyss:3)
  4 plants (Depths:2)
  5 starspawn tentacles (Abyss:3)
3223 creatures vanquished.

Vanquished Creatures (collateral kills)
  An orc priest (Vaults:5)
1 creature vanquished.

Vanquished Creatures (others)
  Frances (Swamp:2)
  3 fire giants
  A deep troll shaman (Depths:2)
  2 hell hogs (Abyss:3)
  2 deep elf knights
  A skeletal warrior (WizLab)
  A deep troll (Depths:2)
  3 deep elf magi
  An ugly thing (D:14)
  A vampire (Vaults:2)
  A ynoxinul (Abyss:3)
  A boggart (Depths:1)
  2 orc wizards
  An orc (Vaults:3)
  4 briar patches
  11 bushes (Abyss:3)
  3 demonic plants (Abyss:3)
  6 fungi
  A lurking horror (Abyss:3)
  8 plants
  10 starspawn tentacles (Abyss:3)
64 creatures vanquished.

Grand Total: 3288 creatures vanquished

Notes
Turn   | Place    | Note
-------+----------+-------------------------------------------
     0 | D:1      | varam the Gargoyle Monk began the quest for the Orb.
     0 | D:1      | Reached XP level 1. HP: 14/14 MP: 1/1
   172 | D:1      | Reached XP level 2. HP: 8/19 MP: 2/2
   588 | D:1      | Reached skill level 3 in Stealth
   739 | D:1      | Reached XP level 3. HP: 23/23 MP: 3/3
  1132 | D:2      | Noticed Natasha
  1774 | D:2      | Reached skill level 4 in Fighting
  1774 | D:2      | Reached XP level 4. HP: 26/29 MP: 4/4
  1923 | D:3      | Reached skill level 4 in Maces & Flails
  2341 | D:3      | Reached XP level 5. HP: 29/33 MP: 5/5
  2757 | D:4      | Noticed a phantom
  2803 | D:4      | Reached skill level 5 in Maces & Flails
  3130 | D:4      | Found a blossoming altar of Fedhas.
  3182 | D:5      | Entered Level 5 of the Dungeon
  3195 | D:5      | Found a staircase to the Ecumenical Temple.
  3204 | Temple   | Entered the Ecumenical Temple
  3287 | Temple   | Became a worshipper of Warmaster Okawaru
  3287 | Temple   | Reached * piety under Okawaru
  3287 | Temple   | Reached ** piety under Okawaru
  3472 | D:4      | Killed a phantom
  3472 | D:4      | Reached skill level 6 in Maces & Flails
  3472 | D:4      | Reached XP level 6. HP: 21/38 MP: 2/6
  4055 | D:4      | Reached skill level 7 in Maces & Flails
  4071 | D:4      | Reached XP level 7. HP: 24/43 MP: 7/7
  4646 | D:5      | Got a pair of crude gloves
  4652 | D:5      | Identified the +2 pair of gloves of Ennui {MR+ Str+4 Int-2} (You found it on level 5 of the Dungeon)
  4787 | D:5      | Found a burning altar of Makhleb.
  4796 | D:5      | Reached skill level 8 in Maces & Flails
  4819 | D:5      | Reached *** piety under Okawaru
  4819 | D:5      | Reached skill level 1 in Armour
  4872 | D:5      | Noticed Pikel
  4883 | D:5      | Killed Pikel
  4883 | D:5      | Reached **** piety under Okawaru
  4883 | D:5      | Reached skill level 9 in Maces & Flails
  4883 | D:5      | Reached skill level 3 in Armour
  4883 | D:5      | Reached skill level 3 in Dodging
  4883 | D:5      | Reached XP level 8. HP: 48/48 MP: 5/8
  4900 | D:5      | Found a runed door.
  4936 | D:5      | Got a dazzling hand axe
  4937 | D:5      | Identified the +10 hand axe of the Many Eyes {chop, rC+ Dex+4 SInv} (You found it on level 5 of the Dungeon)
  5097 | D:5      | Found a runed door.
  5119 | D:5      | Received a gift from Okawaru
  5174 | D:5      | Reached skill level 4 in Dodging
  5208 | D:6      | Reached skill level 4 in Armour
  5210 | D:6      | Reached XP level 9. HP: 51/52 MP: 9/9
  5349 | D:6      | Reached skill level 10 in Maces & Flails
  5497 | D:6      | Gained mutation: You tend to lose your temper in combat. [mutagenic meat]
  5498 | D:6      | Gained mutation: Your natural rate of healing is unusually fast. [mutagenic meat]
  5499 | D:6      | Gained mutation: Armour fits poorly on your strangely shaped body. [mutagenic meat]
  5501 | D:6      | Gained mutation: Your magical capacity is low. (-10% MP) [mutagenic meat]
  5664 | D:6      | Reached skill level 5 in Armour
  5940 | D:7      | Got a crude rapier
  5941 | D:7      | Identified the +6 rapier "Hulk" {flame, *Drain rElec rN+++ Int+4} (You found it on level 7 of the Dungeon)
  6317 | D:7      | Reached skill level 11 in Maces & Flails
  6474 | D:7      | Reached ***** piety under Okawaru
  6474 | D:7      | Reached skill level 6 in Armour
  6745 | D:8      | Found a staircase to the Lair.
  6852 | D:8      | Got an encrusted scale mail
  6864 | D:8      | Identified the +4 scale mail of the Demon Prince {*Corrode rPois rC+ SInv} (You found it on level 8 of the Dungeon)
  6988 | D:8      | Noticed a hornet
  6996 | D:8      | Killed a hornet
  6996 | D:8      | Reached XP level 10. HP: 44/56 MP: 6/9
  7327 | D:8      | Reached skill level 7 in Armour
  7330 | D:8      | Reached skill level 12 in Maces & Flails
  7835 | D:9      | Gained mutation: Your flesh is cold resistant. (rC+) [mutagenic meat]
  7836 | D:9      | Gained mutation: You are dopey. (Int -2) [mutagenic meat]
  7891 | D:9      | Received a gift from Okawaru
  7907 | D:9      | Reached skill level 8 in Armour
  7925 | D:9      | Got a steaming chain mail {god gift}
  7936 | D:9      | Identified the +7 chain mail of the Maze {*Drain rCorr Str+3 Stlth+} (Okawaru gifted it to you on level 9 of the Dungeon)
  7943 | D:9      | Reached skill level 13 in Maces & Flails
  8070 | D:9      | Noticed Joseph
  8094 | D:9      | Killed Joseph
  8322 | D:9      | Reached XP level 11. HP: 61/61 MP: 7/9
  8417 | D:9      | Found a staircase to the Orcish Mines.
  8641 | D:10     | Entered Level 10 of the Dungeon
  8671 | D:10     | Reached skill level 14 in Maces & Flails
  8825 | D:10     | Received a gift from Okawaru
  8840 | D:10     | Got a translucent great mace {god gift}
  8842 | D:10     | Identified the +1 great mace of Ycapalinn {freeze, *Slow rF+ rN+++ Str+4} (Okawaru gifted it to you on level 10 of the Dungeon)
  8937 | D:10     | Gained mutation: You are frail. (-10% HP) [mutagenic meat]
  8940 | D:10     | Lost mutation: Armour fits poorly on your strangely shaped body. [mutagenic meat]
  9413 | D:11     | Reached skill level 15 in Maces & Flails
  9493 | D:11     | Found a portal to a secret trove of treasure.
  9609 | D:11     | Noticed a manticore
  9617 | D:11     | Killed a manticore
  9732 | D:11     | Reached skill level 1 in Invocations
 10289 | D:12     | Reached ****** piety under Okawaru
 10321 | D:12     | Noticed a green ugly thing
 10329 | D:12     | Noticed an unseen horror
 10352 | D:12     | Killed a green ugly thing
 10352 | D:12     | Received a gift from Okawaru
 10364 | D:12     | Learned a level 2 spell: Repel Missiles
 10369 | D:12     | Got a scorched quick blade {god gift}
 10382 | D:12     | Identified the +8 quick blade "Demonbane" {drain, rF+} (Okawaru gifted it to you on level 12 of the Dungeon)
 10409 | D:12     | Killed an unseen horror
 10409 | D:12     | Reached skill level 2 in Invocations
 10411 | D:12     | Reached skill level 4 in Stealth
 10499 | D:12     | Reached skill level 5 in Fighting
 10606 | D:12     | Noticed an unseen horror
 10617 | D:12     | Killed an unseen horror
 10617 | D:12     | Reached XP level 12. HP: 57/61 MP: 12/12
 10637 | D:12     | Reached skill level 9 in Armour
 10637 | D:12     | Reached skill level 5 in Dodging
 10637 | D:12     | Reached skill level 3 in Invocations
 10697 | D:12     | Noticed a centaur warrior
 10700 | D:12     | Killed a centaur warrior
 10708 | D:12     | Found Qeofyam's Food Boutique.
 10944 | D:12     | Reached skill level 6 in Fighting
 10959 | D:12     | Received a gift from Okawaru
 11058 | D:13     | Reached skill level 4 in Invocations
 11166 | D:13     | Noticed a tengu warrior
 11178 | D:12     | Killed a tengu warrior
 11212 | D:12     | Lost mutation: You tend to lose your temper in combat. [mutagenic meat]
 11348 | Lair:1   | Entered Level 1 of the Lair of Beasts
 11380 | Lair:1   | Gained mutation: You are covered in fur. (AC +1) [potion of mutation]
 11381 | Lair:1   | Gained mutation: You have a pair of small horns on your head. [potion of mutation]
 11381 | Lair:1   | Gained mutation: You are very frail. (-20% HP) [potion of mutation]
 11385 | Lair:1   | Got a brightly glowing flail
 11386 | Lair:1   | Identified the +6 flail "Cyngiev" {drain, MR+ Dex+4} (You found it on level 1 of the Lair of Beasts)
 11604 | Lair:1   | Reached skill level 7 in Fighting
 11633 | Lair:1   | Reached skill level 5 in Invocations
 11663 | Lair:1   | Noticed Nergalle
 11674 | Lair:1   | Killed Nergalle
 11923 | Lair:1   | Got a glittering pewter ring
 11926 | Lair:1   | Identified the ring of Huitwuang {rC+ MP+9 Str+2} (You found it on level 1 of the Lair of Beasts)
 12241 | Lair:2   | Noticed a five-headed hydra
 12247 | Lair:2   | Killed a five-headed hydra
 12247 | Lair:2   | Reached skill level 6 in Invocations
 12261 | Lair:2   | Found a bloodstained altar of Trog.
 12302 | Lair:2   | Reached skill level 8 in Fighting
 12440 | Lair:2   | Noticed a death yak
 12451 | Lair:2   | Killed a death yak
 12451 | Lair:2   | Reached skill level 1 in Axes
 12453 | Lair:2   | Noticed a seven-headed hydra
 12453 | Lair:2   | Reached skill level 2 in Axes
 12455 | Lair:2   | Killed a seven-headed hydra
 12455 | Lair:2   | Reached XP level 13. HP: 63/63 MP: 13/16
 12537 | Lair:2   | Received a gift from Okawaru
 12539 | Lair:2   | Reached skill level 3 in Axes
 12557 | Lair:2   | Reached skill level 7 in Invocations
 12634 | Lair:2   | Reached skill level 4 in Axes
 12759 | Lair:2   | Reached skill level 6 in Dodging
 12803 | Lair:2   | Received a gift from Okawaru
 12813 | Lair:2   | Got a spiked buckler {god gift}
 12821 | Lair:2   | Identified the +4 buckler "Ythylo" {+Inv} (Okawaru gifted it to you on level 2 of the Lair of Beasts)
 13184 | Lair:2   | Got a shimmering quarterstaff
 13185 | Lair:2   | Identified the cursed +1 quarterstaff "Ahoco" {flame, rN+} (You found it on level 2 of the Lair of Beasts)
 13488 | Lair:3   | Reached skill level 9 in Fighting
 13674 | Lair:3   | Reached skill level 5 in Axes
 13745 | Lair:3   | Found a staircase to the Snake Pit.
 13859 | Lair:3   | Found a staircase to the Swamp.
 14606 | Lair:4   | Reached skill level 6 in Axes
 14818 | Lair:4   | Reached skill level 8 in Invocations
 15388 | Lair:5   | Received a gift from Okawaru
 15429 | Lair:5   | Found a basalt altar of Yredelemnul.
 15502 | Lair:5   | Noticed Kite's ghost (journeyman MiBe)
 15667 | Lair:6   | Entered Level 6 of the Lair of Beasts
 15679 | Lair:6   | Gained mutation: Your large and strong wings let you fly indefinitely. [Gargoyle growth]
 15679 | Lair:6   | Reached XP level 14. HP: 67/69 MP: 18/18
 15708 | Lair:6   | Reached skill level 7 in Axes
 15720 | Lair:6   | Reached skill level 7 in Dodging
 15921 | Lair:6   | Reached skill level 10 in Fighting
 16032 | Lair:6   | Received a gift from Okawaru
 16374 | Lair:6   | Reached skill level 8 in Axes
 16452 | Lair:6   | Reached skill level 9 in Invocations
 16704 | Lair:6   | Found a staircase to the Slime Pits.
 17570 | Orc:1    | Entered Level 1 of the Orcish Mines
 17673 | Orc:1    | Noticed an orc warlord
 17702 | Orc:1    | Killed an orc warlord
 17702 | Orc:1    | Received a gift from Okawaru
 17821 | Orc:1    | Found a roughly hewn altar of Beogh.
 18212 | Orc:2    | Entered Level 2 of the Orcish Mines
 18225 | Orc:2    | Reached skill level 8 in Dodging
 18235 | Orc:2    | Reached skill level 9 in Axes
 18285 | Orc:2    | Found a staircase to the Elven Halls.
 18640 | Orc:2    | Found a roughly hewn altar of Beogh.
 18948 | Orc:2    | Reached skill level 11 in Fighting
 18983 | Orc:2    | Reached XP level 15. HP: 58/75 MP: 18/20
 18995 | Orc:2    | Noticed an orc warlord
 19014 | Orc:2    | Found Canuph's Antique Weapon Shop.
 19014 | Orc:2    | Found Axoqase's Antique Armour Boutique.
 19033 | Orc:2    | Found Asongeo's General Store.
 19033 | Orc:2    | Found Esileris's Jewellery Boutique.
 19111 | Orc:2    | Killed an orc warlord
 19127 | Orc:2    | Reached skill level 10 in Invocations
 19188 | Orc:2    | Reached skill level 10 in Axes
 20075 | D:13     | Received a gift from Okawaru
 20152 | D:13     | Found a gate to the Vaults.
 20195 | D:13     | Reached skill level 11 in Axes
 21040 | D:14     | Lost mutation: You are very frail. (-20% HP) [mutagenic meat]
 21041 | D:14     | Lost mutation: You are frail. (-10% HP) [mutagenic meat]
 21042 | D:14     | Lost mutation: Your natural rate of healing is unusually fast. [mutagenic meat]
 21044 | D:14     | Gained mutation: You occasionally shout uncontrollably at your foes. [mutagenic meat]
 21065 | D:14     | Gained mutation: Your skin changes colour to match your surroundings (Stealth+). [potion of mutation]
 21065 | D:14     | Gained mutation: You are resistant to hostile enchantments. (MR+) [potion of mutation]
 21910 | D:14     | Lost mutation: You occasionally shout uncontrollably at your foes. [mutagenic meat]
 21912 | D:14     | Gained mutation: Your magical capacity is very low. (-20% MP) [mutagenic meat]
 22095 | D:15     | Entered Level 15 of the Dungeon
 22124 | D:15     | Found a staircase to the Depths.
 22129 | D:15     | Reached skill level 16 in Maces & Flails
 22203 | D:15     | Received a gift from Okawaru
 22289 | D:15     | Reached skill level 12 in Axes
 22315 | D:15     | Reached XP level 16. HP: 70/100 MP: 15/18
 22346 | D:15     | Gained mutation: You possess an exceptional clarity of mind. [mutagenic meat]
 22610 | D:15     | Found a glowing golden altar of the Shining One.
 23133 | Swamp:1  | Entered Level 1 of the Swamp
 23747 | Swamp:2  | Noticed Jorgrun
 23760 | Swamp:1  | Killed Jorgrun
 23760 | Swamp:1  | Received a gift from Okawaru
 23766 | Swamp:1  | Got a translucent great mace {god gift}
 23767 | Swamp:1  | Identified the +1 great mace of Namycv Jirgh {flame, +Inv rF- Str+3} (Okawaru gifted it to you on level 1 of the Swamp)
 24441 | Swamp:2  | Reached skill level 17 in Maces & Flails
 24740 | Swamp:2  | Noticed Frances
 24769 | Swamp:2  | Killed Frances
 25069 | Swamp:3  | Noticed a thorn hunter
 25408 | Swamp:3  | Received a gift from Okawaru
 25471 | Swamp:3  | Killed a thorn hunter
 26130 | Swamp:3  | Noticed a tentacled monstrosity
 26515 | Swamp:2  | Reached skill level 18 in Maces & Flails
 26520 | Swamp:2  | Gained mutation: Your body sometimes deteriorates upon taking damage. [mutagenic meat]
 26521 | Swamp:2  | Lost mutation: You have a pair of small horns on your head. [mutagenic meat]
 26522 | Swamp:2  | Gained mutation: You are partially covered in molten scales. (AC +2) [mutagenic meat]
 26523 | Swamp:2  | Lost mutation: Your body sometimes deteriorates upon taking damage. [mutagenic meat]
 26679 | Swamp:3  | Killed a tentacled monstrosity
 27184 | Swamp:3  | Reached XP level 17. HP: 93/104 MP: 19/19
 27462 | Swamp:4  | Entered Level 4 of the Swamp
 27551 | Swamp:4  | Received a gift from Okawaru
 27551 | Swamp:4  | Reached skill level 9 in Dodging
 28615 | Swamp:4  | Lost mutation: Your flesh is cold resistant. (rC+) [the power of Zot]
 28631 | Swamp:3  | Reached skill level 10 in Dodging
 28779 | Swamp:4  | Noticed a Brimstone Fiend
 28789 | Swamp:3  | Killed a Brimstone Fiend
 28898 | Swamp:4  | Got a decaying rune of Zot
 29260 | Swamp:4  | Reached skill level 11 in Dodging
 29461 | Swamp:4  | Noticed Roxanne
 29643 | Snake:1  | Entered Level 1 of the Snake Pit
 29900 | Snake:1  | Received a gift from Okawaru
 30194 | Snake:1  | Noticed Azrael
 30206 | Snake:1  | Noticed Aizul
 30209 | Snake:1  | Killed Azrael
 30222 | Snake:1  | Killed Aizul
 30528 | Snake:2  | Noticed Donald
 30541 | Snake:2  | Killed Donald
 30637 | Snake:2  | Noticed Asterion
 30655 | Snake:2  | Killed Asterion
 30655 | Snake:2  | Received a gift from Okawaru
 30655 | Snake:2  | Reached skill level 12 in Dodging
 31136 | Snake:2  | Noticed Vashnia
 31803 | Snake:2  | Killed Vashnia
 31803 | Snake:2  | Received a gift from Okawaru
 31803 | Snake:2  | Reached XP level 18. HP: 95/110 MP: 13/20
 31914 | Snake:2  | Reached skill level 13 in Dodging
 32087 | Snake:2  | Got a pair of twisted gloves {god gift}
 32098 | Snake:2  | Identified the +4 pair of gloves of Okawaru's Delight {Dex+8} (Okawaru gifted it to you on level 2 of the Snake Pit)
 32402 | Snake:2  | Found Cojes's Armour Boutique.
 32406 | Snake:2  | Bought the +0 mask of the Dragon {MR+ Slay+3 SInv} for 434 gold pieces
 33278 | Snake:3  | Received a gift from Okawaru
 33301 | Snake:3  | Found Ziruenut's Weapon Shop.
 33351 | Snake:3  | Found Plog's Gadget Emporium.
 33352 | Snake:3  | Found Jooreozo's Jewellery Shop.
 33353 | Snake:3  | Found Kistebo's Gadget Emporium.
 33738 | Snake:3  | Reached skill level 14 in Dodging
 34400 | Snake:4  | Entered Level 4 of the Snake Pit
 34453 | Snake:4  | Reached skill level 13 in Axes
 34489 | Snake:4  | Learned a level 6 spell: Deflect Missiles
 34495 | Snake:4  | Learned a level 5 spell: Silence
 34581 | Snake:4  | Noticed Bai Suzhen
 34598 | Snake:4  | Killed Bai Suzhen
 34764 | Snake:4  | Got a fine pewter ring
 34767 | Snake:4  | Identified the ring "Luby Xiu" {Dex+2 Stlth+} (You found it on level 4 of the Snake Pit)
 35821 | Snake:4  | Reached skill level 10 in Armour
 35871 | Snake:4  | Received a gift from Okawaru
 35956 | Snake:4  | Reached skill level 14 in Axes
 36221 | Snake:4  | Reached XP level 19. HP: 100/115 MP: 21/21
 36426 | Snake:4  | Reached skill level 11 in Armour
 36428 | Snake:4  | Received a gift from Okawaru
 37098 | Snake:4  | Reached skill level 15 in Axes
 37211 | Snake:4  | Got a serpentine rune of Zot
 37664 | Vaults:1 | Entered Level 1 of the Vaults
 38028 | Vaults:1 | Found Porr's Armour Shop.
 38136 | Vaults:1 | Received a gift from Okawaru
 38400 | Vaults:1 | Reached skill level 16 in Axes
 39250 | Vaults:2 | Reached XP level 20. HP: 120/120 MP: 22/22
 39327 | Vaults:2 | Reached skill level 17 in Axes
 39385 | Vaults:2 | Received a gift from Okawaru
 40204 | Vaults:2 | Found Kiyloc's Assorted Antiques.
 40265 | Vaults:2 | Found Duuzan's Jewellery Shoppe.
 40330 | Vaults:2 | Got a brightly glowing tin ring
 40482 | Vaults:2 | Reached skill level 18 in Axes
 40526 | Vaults:2 | Found a staircase to the Crypt.
 40574 | Vaults:2 | Found Teap's Antique Armour Emporium.
 40620 | Vaults:2 | Found Litt's Distillery.
 40629 | Vaults:2 | Bought a potion of heal wounds for 50 gold pieces
 40629 | Vaults:2 | Bought a potion of haste for 100 gold pieces
 40629 | Vaults:2 | Bought a potion of haste for 100 gold pieces
 40721 | Vaults:2 | Bought a scroll of enchant weapon for 157 gold pieces
 40721 | Vaults:2 | Bought a potion of haste for 210 gold pieces
 40724 | Vaults:2 | Identified the ring of Duyhoiv {Dex+3 Slay+3 Stlth-} (You took it off an ironheart preserver on level 2 of the Vaults)
 40780 | Vaults:2 | Bought a jewelled ring mail for 423 gold pieces
 40780 | Vaults:2 | Bought a spiked plate armour for 1316 gold pieces
 40780 | Vaults:2 | Identified the +1 ring mail "Qytad" {rCorr Int+5 Dex-2 SInv} (You bought it in a shop on level 2 of the Vaults)
 40781 | Vaults:2 | Identified the +2 plate armour "Trusted Companion" {rF+ rC+} (You bought it in a shop on level 2 of the Vaults)
 40902 | Vaults:2 | Found Kuiloe's General Store.
 40927 | Vaults:2 | Received a gift from Okawaru
 41251 | Vaults:2 | Found Gozag's Antique Weapon Boutique.
 41271 | Vaults:2 | Found an opulent altar of Gozag.
 41274 | Vaults:2 | Found Gozag's Assorted Antiques.
 41277 | Vaults:2 | Found Gozag's Antique Weapon Shop.
 41509 | Vaults:2 | Bought a scorched steel amulet for 500 gold pieces
 41509 | Vaults:2 | Bought a smelly chain mail for 950 gold pieces
 41665 | Vaults:2 | Identified the amulet "Ahoth" {+Rage Str+6} (You bought it in a shop on level 2 of the Vaults)
 41801 | Vaults:2 | Identified the +1 chain mail of Zaaruwn {+Blink rElec rF- Str-4} (You bought it in a shop on level 2 of the Vaults)
 42383 | Vaults:3 | Reached skill level 12 in Armour
 42533 | Vaults:3 | Received a gift from Okawaru
 42540 | Vaults:3 | Got a warped great mace {god gift}
 42541 | Vaults:3 | Identified the +7 great mace "Uxtysh" {crush, rC+ MR+ Int+3 Dex-5} (Okawaru gifted it to you on level 3 of the Vaults)
 42651 | Vaults:3 | Reached XP level 21. HP: 124/124 MP: 22/22
 42761 | Vaults:3 | Reached skill level 19 in Axes
 42918 | Vaults:3 | Noticed Frederick
 42928 | Vaults:3 | Killed Frederick
 43124 | Vaults:3 | Received a gift from Okawaru
 43255 | Vaults:3 | Reached skill level 13 in Armour
 43269 | Vaults:3 | Received a gift from Okawaru
 43337 | Vaults:3 | Got an ichor-stained ring mail {god gift}
 43348 | Vaults:3 | Identified the +4 ring mail of the Were-rabbit {Int+3} (Okawaru gifted it to you on level 3 of the Vaults)
 43561 | Vaults:3 | Found Jehaxkeu's Antique Weapon Shoppe.
 43635 | Vaults:3 | Lost mutation: You are dopey. (Int -2) [potion of mutation]
 44506 | Vaults:4 | Reached skill level 14 in Armour
 44606 | Vaults:4 | Lost mutation: You are resistant to hostile enchantments. (MR+) [mutagenic meat]
 44741 | Vaults:4 | Received a gift from Okawaru
 45177 | Vaults:4 | Reached skill level 20 in Axes
 45665 | Vaults:3 | Reached XP level 22. HP: 114/130 MP: 23/23
 45685 | Vaults:4 | Reached skill level 15 in Armour
 45689 | Vaults:4 | Received a gift from Okawaru
 46257 | Vaults:4 | Reached skill level 12 in Fighting
 46919 | Depths:1 | Entered Level 1 of the Depths
 46931 | Depths:1 | Noticed a caustic shrike
 46944 | Depths:1 | Killed a caustic shrike
 47006 | Depths:1 | Paralysed by a floating eye for 3 turns
 47031 | D:15     | Reached skill level 13 in Fighting
 47316 | Depths:1 | Paralysed by a floating eye for 2 turns
 47512 | D:15     | Reached skill level 15 in Dodging
 47521 | Depths:1 | Received a gift from Okawaru
 47762 | Depths:1 | Found a gateway to a ziggurat.
 47764 | Depths:1 | Got an iridescent battleaxe {freeze}
 47768 | D:15     | Identified the +3 battleaxe "Dasaddet" {freeze, rF+ rN+} (You took it off a tengu warrior on level 1 of the Depths)
 48081 | Depths:1 | Found a white marble altar of Elyvilon.
 48085 | Depths:1 | Reached skill level 5 in Stealth
 48319 | Depths:1 | Lost mutation: You possess an exceptional clarity of mind. [mutagenic meat]
 48431 | Depths:1 | Got a bloodstained ring mail
 48432 | Depths:1 | Identified the cursed +1 ring mail "Oraicer" {Str+10 Dex-4} (You found it on level 1 of the Depths)
 48439 | Depths:1 | Found a gateway to Hell.
 48457 | Depths:1 | Reached skill level 6 in Stealth
 48883 | Depths:2 | Reached skill level 1 in Spellcasting
 48887 | Depths:2 | Reached skill level 1 in Charms
 49068 | Depths:2 | Reached skill level 14 in Fighting
 49085 | Depths:2 | Noticed a juggernaut
 49112 | Depths:2 | Killed a juggernaut
 49112 | Depths:2 | Reached skill level 2 in Spellcasting
 49112 | Depths:2 | Reached skill level 1 in Air Magic
 49224 | Depths:2 | Reached XP level 23. HP: 142/142 MP: 24/24
 49240 | Depths:2 | Reached skill level 2 in Charms
 49247 | Depths:2 | Reached skill level 2 in Air Magic
 49376 | Depths:2 | Received a gift from Okawaru
 49615 | Depths:1 | Reached skill level 3 in Spellcasting
 49624 | Depths:2 | Reached skill level 3 in Charms
 49754 | Depths:2 | Reached skill level 3 in Air Magic
 50146 | Depths:2 | Reached skill level 4 in Spellcasting
 50506 | Depths:2 | Reached skill level 4 in Charms
 50524 | Depths:2 | Reached skill level 4 in Air Magic
 50912 | Depths:3 | Found a runed gate.
 50912 | Depths:3 | Found a runed gate.
 50912 | Depths:3 | Found a runed gate.
 50952 | Depths:3 | Received a gift from Okawaru
 50960 | Depths:3 | Got a polished great mace {god gift}
 50961 | Depths:3 | Identified the +6 great mace of Righteous Fury {flame, +Fly Str+3 Dex+4 Stlth+} (Okawaru gifted it to you on level 3 of the Depths)
 51123 | Depths:3 | Found a runed gate.
 51123 | Depths:3 | Found a runed gate.
 51123 | Depths:3 | Found a runed gate.
 51177 | Depths:3 | Reached skill level 5 in Spellcasting
 51461 | Depths:3 | Noticed an ancient lich
 51462 | Depths:3 | Reached skill level 5 in Charms
 51823 | Depths:3 | Reached skill level 15 in Fighting
 51875 | Depths:3 | Received a gift from Okawaru
 52127 | Depths:3 | Reached skill level 5 in Air Magic
 52156 | Depths:3 | Identified the Reference Book on Arcane Weapons
 52234 | Depths:3 | Killed an ancient lich
 52234 | Depths:3 | Reached skill level 6 in Spellcasting
 52513 | Depths:3 | Reached skill level 6 in Charms
 52639 | Depths:3 | Found a one-way gate leading to the halls of Pandemonium.
 52669 | Depths:3 | Reached XP level 24. HP: 135/151 MP: 26/26
 52919 | Depths:3 | Gained mutation: Your mind is acute. (Int +2) [mutagenic meat]
 52921 | Depths:3 | Gained mutation: You can translocate small distances at will. [mutagenic meat]
 52922 | Depths:3 | Lost mutation: You are partially covered in molten scales. (AC +2) [mutagenic meat]
 52923 | Depths:3 | Gained mutation: You are partially covered in yellow scales. (AC +2) [mutagenic meat]
 52924 | Depths:3 | Gained mutation: You are covered in thick fur. (AC +2) [mutagenic meat]
 52949 | Depths:3 | Lost mutation: Your magical capacity is very low. (-20% MP) [mutagenic meat]
 52950 | Depths:3 | Gained mutation: You occasionally shout uncontrollably at your foes. [mutagenic meat]
 52969 | Depths:3 | Identified the Grimoire of Dark Arts
 53229 | Depths:2 | Reached skill level 6 in Air Magic
 53493 | Depths:3 | Received a gift from Okawaru
 53573 | Depths:3 | Reached skill level 7 in Spellcasting
 53595 | Depths:3 | Lost mutation: You are covered in thick fur. (AC +2) [mutagenic meat]
 53687 | Depths:3 | Reached skill level 7 in Charms
 53705 | Depths:3 | Gained mutation: You have a somewhat thin skeletal structure. (Dex +2, Stealth) [mutagenic meat]
 53706 | Depths:3 | Gained mutation: You are agile. (Dex +2) [mutagenic meat]
 53708 | Depths:3 | Gained mutation: You have a beak for a mouth. [mutagenic meat]
 54026 | D:13     | Gained mutation: You evolve. [mutagenic meat]
 54432 | D:11     | You paid a toll of a +3 ice dragon scales to enter a treasure trove
 54433 | Trove    | Entered a treasure trove
 54473 | Trove    | Got a brightly glowing shield
 54479 | Trove    | Identified the +5 shield "Susooki" {rF++} (You found it in a treasure trove)
 54748 | Depths:3 | Gained mutation: You are very agile. (Dex +4) [evolution]
 54980 | Depths:3 | Received a gift from Okawaru
 54994 | Depths:3 | Lost mutation: You can translocate small distances at will. [mutagenic meat]
 54995 | Depths:3 | Lost mutation: Your skin changes colour to match your surroundings (Stealth+). [mutagenic meat]
 55006 | Depths:4 | Reached skill level 7 in Air Magic
 55104 | Depths:4 | Found a one-way gate to the infinite horrors of the Abyss.
 55157 | Depths:4 | Noticed Mara
 55172 | Depths:4 | Noticed varam's illusion
 56086 | Depths:4 | Reached skill level 16 in Fighting
 56135 | Depths:5 | Entered Level 5 of the Depths
 56184 | Depths:4 | Noticed Xtahua
 56214 | Depths:4 | Killed Xtahua
 56302 | Depths:4 | Killed Mara
 57086 | Depths:3 | Received a gift from Okawaru
 57097 | Depths:3 | Lost mutation: You occasionally shout uncontrollably at your foes. [mutagenic meat]
 57098 | Depths:3 | Gained mutation: You have a pair of small antennae on your head. [mutagenic meat]
 57100 | Depths:3 | Lost mutation: Your magical capacity is low. (-10% MP) [mutagenic meat]
 57104 | Depths:3 | Gained mutation: You are weak. (Str -2) [mutagenic meat]
 57105 | Depths:3 | Gained mutation: Your flesh is cold resistant. (rC+) [mutagenic meat]
 57552 | Depths:5 | Gained mutation: You have an increased reservoir of magic. (+10% MP) [mutagenic meat]
 57553 | Depths:5 | Gained mutation: Your body sometimes deteriorates upon taking damage. [mutagenic meat]
 57555 | Depths:5 | Gained mutation: You are robust. (+10% HP) [mutagenic meat]
 58176 | Depths:5 | Reached XP level 25. HP: 162/174 MP: 37/37
 58217 | Depths:5 | Noticed a juggernaut
 58305 | Depths:5 | Killed a juggernaut
 58312 | Depths:5 | Reached skill level 16 in Armour
 58352 | Depths:5 | Noticed a juggernaut
 58372 | Depths:5 | Killed a juggernaut
 58664 | Depths:5 | Found a gate to the Realm of Zot.
 58818 | Depths:5 | Received a gift from Okawaru
 58823 | Depths:5 | Reached skill level 17 in Fighting
 59425 | Crypt:1  | Entered Level 1 of the Crypt
 59762 | Crypt:1  | Found an ancient bone altar of Kikubaaqudgha.
 59811 | Crypt:1  | Noticed Boris
 59842 | Crypt:1  | Killed Boris
 60070 | Crypt:1  | You are sucked into a shaft!
 60393 | Crypt:2  | Reached skill level 16 in Dodging
 60772 | Crypt:2  | Learned a level 2 spell: Blink
 61046 | Crypt:3  | Entered Level 3 of the Crypt
 61104 | Crypt:3  | Reached skill level 1 in Translocations
 61340 | Crypt:3  | Reached skill level 17 in Armour
 61383 | Crypt:3  | Found a basalt altar of Yredelemnul.
 61384 | Crypt:3  | Noticed an ancient lich
 61457 | Crypt:3  | Received a gift from Okawaru
 61457 | Crypt:3  | Reached skill level 2 in Translocations
 61595 | Crypt:3  | Killed an ancient lich
 61595 | Crypt:3  | Reached XP level 26. HP: 184/184 MP: 36/37
 61638 | Crypt:3  | Got a jewelled ring mail
 61640 | Crypt:3  | Identified the +1 ring mail of Sloth {rC+ rN+ Dex-3} (You found it on level 3 of the Crypt)
 61749 | Crypt:3  | Received a gift from Okawaru
 61752 | Crypt:3  | Got a bloodstained battleaxe {god gift}
 61759 | Crypt:3  | Identified the +7 battleaxe of the Median {vamp, rC+ MR+} (Okawaru gifted it to you on level 3 of the Crypt)
 61853 | Crypt:3  | Reached skill level 3 in Translocations
 61865 | Crypt:3  | Reached skill level 21 in Axes
 62035 | Crypt:3  | Received a gift from Okawaru
 62055 | Crypt:3  | Found a staircase to the Tomb.
 62485 | Tomb:1   | Entered Level 1 of the Tomb of the Ancients
 62500 | Tomb:1   | Reached skill level 4 in Translocations
 63133 | Vaults:5 | Entered Level 5 of the Vaults
 63147 | Vaults:5 | Reached skill level 18 in Fighting
 63181 | Vaults:4 | Reached skill level 5 in Translocations
 63304 | Vaults:5 | Noticed an ancient lich
 63312 | Vaults:5 | Killed an ancient lich
 63312 | Vaults:5 | Received a gift from Okawaru
 63315 | Vaults:5 | Noticed an ancient lich
 63328 | Vaults:5 | Killed an ancient lich
 63330 | Vaults:5 | Reached skill level 6 in Translocations
 63390 | Vaults:5 | Received a gift from Okawaru
 63424 | Vaults:5 | Reached skill level 18 in Armour
 63494 | Vaults:5 | Received a gift from Okawaru
 63595 | Vaults:5 | Noticed a juggernaut
 63595 | Vaults:5 | a juggernaut changed into a titan
 63598 | Vaults:5 | Noticed a juggernaut
 63598 | Vaults:5 | a titan changed into a juggernaut
 63607 | Vaults:5 | Reached XP level 27. HP: 165/192 MP: 37/37
 63611 | Vaults:5 | a juggernaut changed into a hellephant
 63619 | Vaults:5 | Noticed a juggernaut
 63619 | Vaults:5 | a hellephant changed into a juggernaut
 63628 | Vaults:5 | Killed a juggernaut
 63628 | Vaults:5 | Reached skill level 7 in Translocations
 63735 | Vaults:5 | Got an uncursed scorched battleaxe {venom}
 63737 | Vaults:5 | Identified the +6 battleaxe of Jinops {venom, rF+} (You took it off a yaktaur captain on level 5 of the Vaults)
 63963 | Vaults:5 | Got a warped chain mail
 63992 | Vaults:5 | Received a gift from Okawaru
 64029 | Vaults:5 | Noticed an ancient lich
 64045 | Vaults:5 | Killed an ancient lich
 64051 | Vaults:5 | Reached skill level 17 in Dodging
 64346 | Vaults:5 | Reached skill level 19 in Fighting
 64368 | Vaults:5 | Lost mutation: You are covered in fur. (AC +1) [potion of mutation]
 64368 | Vaults:5 | Gained mutation: Your flesh is heat resistant. (rF+) [potion of mutation]
 64373 | Vaults:5 | Identified the +7 chain mail of Anarchy {+Blink Str+4 Int+4 Dex+3} (You took it off a vault warden on level 5 of the Vaults)
 64947 | Vaults:5 | Got a silver rune of Zot
 64955 | Vaults:5 | Learned a level 4 spell: Passage of Golubria
 64958 | Vaults:5 | Learned a level 2 spell: Passwall
 65286 | Vaults:2 | Reached skill level 1 in Earth Magic
 65287 | Vaults:2 | Received a gift from Okawaru
 65287 | Vaults:2 | Reached skill level 1 in Transmutations
 65301 | Vaults:2 | Got a pair of ancient gloves {god gift}
 65313 | Vaults:2 | Identified the +0 pair of gloves "Fexoiguf" {rCorr} (Okawaru gifted it to you on level 2 of the Vaults)
 65328 | Vaults:2 | Learned a level 2 spell: Swiftness
 65864 | Elf:1    | Entered Level 1 of the Elven Halls
 65881 | Elf:1    | Reached skill level 2 in Earth Magic
 65909 | Elf:1    | Reached skill level 1 in Evocations
 65953 | Elf:1    | Reached skill level 2 in Transmutations
 66025 | Elf:1    | Reached skill level 3 in Earth Magic
 66111 | Elf:1    | Found Nuecvuv's Jewellery Shoppe.
 66316 | Elf:1    | Reached skill level 2 in Evocations
 66456 | Elf:1    | Reached skill level 3 in Transmutations
 66460 | Elf:1    | Reached skill level 4 in Earth Magic
 66773 | Elf:2    | Reached skill level 3 in Evocations
 66778 | Elf:2    | Reached skill level 5 in Earth Magic
 66988 | Elf:2    | Found a runed gate.
 66988 | Elf:2    | Found a runed gate.
 66994 | Elf:2    | Found a runed gate.
 67025 | Elf:2    | Reached skill level 4 in Transmutations
 67065 | Elf:2    | Reached skill level 4 in Evocations
 67068 | Elf:2    | Reached skill level 6 in Earth Magic
 67443 | Elf:3    | Entered Level 3 of the Elven Halls
 67492 | Elf:3    | Found a magical portal.
 67498 | WizLab   | Entered Zonguldrok's Shrine
 67786 | WizLab   | Reached skill level 7 in Earth Magic
 67786 | WizLab   | Reached skill level 5 in Evocations
 67810 | WizLab   | Noticed an antique lich
 67820 | WizLab   | Killed an antique lich
 67820 | WizLab   | Received a gift from Okawaru
 67820 | WizLab   | Reached skill level 5 in Transmutations
 67823 | WizLab   | Got a pitted battleaxe {god gift}
 67824 | WizLab   | Identified the +1 battleaxe of Caantelo {speed, *Noise rC+ Dex+2} (Okawaru gifted it to you in a wizard's laboratory)
 68116 | Elf:3    | Reached skill level 8 in Earth Magic
 68228 | Elf:3    | Reached skill level 6 in Evocations
 68484 | Elf:3    | Noticed Enish's ghost (adept MfAK)
 68524 | Elf:3    | Killed Enish's ghost
 68628 | Elf:3    | Reached skill level 6 in Transmutations
 68642 | Elf:3    | Reached skill level 9 in Earth Magic
 68886 | Elf:3    | Reached skill level 7 in Evocations
 68906 | Elf:3    | Received a gift from Okawaru
 68930 | Elf:3    | Reached skill level 7 in Transmutations
 68930 | Elf:3    | Reached skill level 10 in Earth Magic
 69198 | Elf:3    | Got an iridescent halberd
 69199 | Elf:3    | Identified the +9 halberd of the Lumpy Realms {chop, rF+ rC+ rN+} (You found it on level 3 of the Elven Halls)
 69274 | Elf:3    | Identified Sif Muna's Almanac of Flamy Enchantment
 69300 | Elf:3    | Identified the Incunabulum of Freezing Lightness
 69305 | Elf:3    | Got a pitted shortbow
 69306 | Elf:3    | Identified the +7 shortbow of Parts Unknown {speed, rF+ Int+6} (You found it on level 3 of the Elven Halls)
 69750 | Depths:3 | Reached skill level 8 in Charms
 70041 | Depths:2 | Reached skill level 8 in Evocations
 70045 | Depths:2 | Reached skill level 1 in Crossbows
 70055 | Depths:2 | Lost mutation: Your body sometimes deteriorates upon taking damage. [mutagenic meat]
 70079 | Depths:2 | Reached skill level 2 in Crossbows
 70173 | Depths:1 | Reached skill level 3 in Crossbows
 70441 | Lair:5   | Killed Kite's ghost
 70510 | Slime:1  | Entered Level 1 of the Pits of Slime
 70536 | Slime:1  | Reached skill level 4 in Crossbows
 70907 | Slime:1  | Reached skill level 9 in Evocations
 71070 | Slime:1  | Reached skill level 5 in Crossbows
 71253 | Slime:1  | Gained mutation: Armour fits poorly on your strangely shaped body. [a shining eye]
 71858 | Slime:2  | Reached skill level 6 in Crossbows
 72044 | Slime:3  | Received a gift from Okawaru
 72065 | Slime:2  | Reached skill level 10 in Evocations
 72153 | Slime:3  | Reached skill level 7 in Crossbows
 72372 | Slime:4  | Gained mutation: You regenerate slowly when monsters are visible. [a shining eye]
 72442 | Slime:5  | Entered Level 5 of the Pits of Slime
 72447 | Slime:5  | Lost mutation: You have an increased reservoir of magic. (+10% MP) [a shining eye]
 72448 | Slime:5  | Reached skill level 8 in Crossbows
 72718 | Slime:5  | Reached skill level 9 in Crossbows
 72722 | Slime:5  | Noticed the Royal Jelly
 72728 | Slime:5  | Received a gift from Okawaru
 72730 | Slime:5  | Noticed Dissolution
 73226 | Slime:5  | Killed Dissolution
 73226 | Slime:5  | Received a gift from Okawaru
 73226 | Slime:5  | Reached skill level 10 in Crossbows
 73245 | Slime:5  | Killed the Royal Jelly
 73253 | Slime:5  | Reached skill level 11 in Crossbows
 73509 | Slime:5  | Gained mutation: Your body sometimes deteriorates upon taking damage. [a shining eye]
 73520 | Slime:5  | Received a gift from Okawaru
 73749 | Slime:5  | Got a bloodstained crystal plate armour {god gift}
 73797 | Slime:5  | Identified the +0 crystal plate armour of Midsummer {*Contam +Fly rC+} (Okawaru gifted it to you on level 5 of the Pits of Slime)
 73811 | Slime:5  | Got a slimy rune of Zot
 73843 | Slime:5  | Reached skill level 12 in Crossbows
 73880 | Slime:5  | Got a clouded ivory ring
 73882 | Slime:5  | Got a coiled zirconium amulet
 73911 | Slime:5  | Got a flickering ivory ring
 73989 | Slime:5  | Learned a level 3 spell: Lesser Beckoning
 74002 | Slime:5  | Got a steaming broad axe
 74009 | Slime:5  | Identified the +8 broad axe "Hanooling" {vamp, rElec rPois rN+++} (You found it on level 5 of the Pits of Slime)
 74013 | Slime:5  | Identified the ring "Noutahuuse" {Ice *Drain rElec rN++} (You found it on level 5 of the Pits of Slime)
 74015 | Slime:5  | Identified the ring "Vemodd" {MR+ MP+9 Int+6} (You found it on level 5 of the Pits of Slime)
 74037 | Slime:5  | Learned a level 1 spell: Summon Butterflies
 74047 | Slime:5  | Got a sapphire shortbow
 74048 | Slime:5  | Identified the cursed +3 shortbow of Insomnia {freeze, Int+3} (You found it on level 5 of the Pits of Slime)
 74492 | Slime:4  | Gained mutation: You are very weak. (Str -4) [a shining eye]
 74496 | Slime:4  | Reached skill level 13 in Crossbows
 75707 | Depths:4 | Voluntarily entered the Abyss.
 75794 | Abyss:3  | Found a corrupted altar of Lugonu.
 76256 | Abyss:3  | Reached skill level 8 in Translocations
 76279 | Abyss:3  | Received a gift from Okawaru
 76482 | Abyss:3  | Reached skill level 9 in Translocations
 76502 | Abyss:3  | Found a corrupted altar of Lugonu.
 76750 | Abyss:3  | Reached skill level 10 in Translocations
 76798 | Abyss:3  | Got an abyssal rune of Zot
 77000 | Abyss:3  | Reached skill level 11 in Translocations
 77029 | Abyss:3  | Found a shattered altar of Ashenzari.
 77078 | Abyss:3  | Gained mutation: You are mostly covered in yellow scales. (AC +3) [evolution]
 77401 | Abyss:3  | Reached skill level 12 in Translocations
 77660 | Abyss:3  | Reached skill level 7 in Stealth
 77666 | Depths:4 | Escaped the Abyss
 77669 | Depths:4 | Received a gift from Okawaru
 77935 | Depths:2 | Reached skill level 14 in Crossbows
 78889 | Tomb:1   | Reached skill level 15 in Crossbows
 78893 | Tomb:1   | Received a gift from Okawaru
 79999 | D:8      | Lost mutation: Your flesh is heat resistant. (rF+) [potion of cure mutation]
 79999 | D:8      | Lost mutation: You are robust. (+10% HP) [potion of cure mutation]
 79999 | D:8      | Lost mutation: You regenerate slowly when monsters are visible. [potion of cure mutation]
 79999 | D:8      | Lost mutation: You are very agile. (Dex +4) [potion of cure mutation]
 80000 | D:8      | Lost mutation: Your flesh is cold resistant. (rC+) [potion of cure mutation]
 80000 | D:8      | Lost mutation: You are very weak. (Str -4) [potion of cure mutation]
 80000 | D:8      | Lost mutation: Armour fits poorly on your strangely shaped body. [potion of cure mutation]
 80001 | D:8      | Lost mutation: You are weak. (Str -2) [potion of cure mutation]
 80001 | D:8      | Lost mutation: Your mind is acute. (Int +2) [potion of cure mutation]
 80001 | D:8      | Lost mutation: You evolve. [potion of cure mutation]
 80002 | D:8      | Lost mutation: You are agile. (Dex +2) [potion of cure mutation]
 80002 | D:8      | Lost mutation: Your body sometimes deteriorates upon taking damage. [potion of cure mutation]
 80010 | D:8      | Identified the amulet of Ponen {+Rage Int+6} (You found it on level 5 of the Pits of Slime)
 80809 | Zot:1    | Entered Level 1 of the Realm of Zot
 81057 | Zot:1    | Reached skill level 16 in Crossbows
 81410 | Zot:1    | Received a gift from Okawaru
 81881 | Zot:1    | Reached skill level 19 in Armour
 81945 | Zot:1    | Identified the Grimoire of Shifting Augmentations
 81948 | Zot:1    | Got a smoking hand axe
 81949 | Zot:1    | Identified the +1 hand axe of Pageps {holy, +Blink rElec rF+ Str-4 Int+4} (You found it on level 1 of the Realm of Zot)
 81956 | Zot:1    | Identified the Almanac of the Supportive Glacier
 81961 | Zot:1    | Learned a level 2 spell: Song of Slaying
 82347 | Zot:1    | Got a fine quarterstaff
 82348 | Zot:1    | Identified the +8 quarterstaff "Qiadov" {drain, *Slow Str+5} (You found it on level 1 of the Realm of Zot)
 82629 | Zot:2    | Received a gift from Okawaru
 82644 | Zot:2    | Reached skill level 13 in Translocations
 82661 | Zot:2    | Received a gift from Okawaru
 83056 | Zot:2    | Reached skill level 8 in Air Magic
 83273 | Zot:2    | Identified the Handbook of the Escort
 83651 | Zot:3    | Reached skill level 9 in Charms
 83899 | Zot:3    | Received a gift from Okawaru
 84007 | Zot:3    | Gained mutation: Your magical capacity is low. (-10% MP) [potion of mutation]
 84007 | Zot:3    | Gained mutation: You are dopey. (Int -2) [potion of mutation]
 84007 | Zot:3    | Lost mutation: You are dopey. (Int -2) [potion of mutation]
 84223 | Zot:3    | Reached skill level 9 in Air Magic
 84250 | Zot:3    | Reached skill level 10 in Charms
 84903 | Zot:4    | Identified a scroll of acquirement
 84955 | Zot:4    | Reached skill level 10 in Air Magic
 85014 | Zot:4    | Received a gift from Okawaru
 85014 | Zot:4    | Reached skill level 11 in Charms
 85365 | Zot:4    | HP: 15/178 [acid (12)]
 85384 | Zot:4    | HP: 16/178 [acid (6)]
 85927 | Zot:3    | HP: 7/178 [yellow draconian monk (12)]
 85927 | Zot:3    | HP: 1/178 [yellow draconian monk (6)]
 85929 | Zot:3    | Killed from afar by an acid blob

Skill      XL: |  1  2  3  4  5  6  7  8  9 10 11 12 13 14 15 16 17 18 19 20 21 22 23 24 25 26 27 |
---------------+----------------------------------------------------------------------------------+-----
Stealth        | 3 4 6 7 |  7.2
Fighting       | 4 5 8 9 11 14 15 16 17 18 19 | 19.7
Maces & Flails | 4 6 7 9 11 13 15 16 18 | 18.5
Armour         | 3 4 6 8 9 10 11 12 14 15 17 18 19 | 19.1
Dodging        | 3 4 5 6 8 12 14 15 16 17 | 17.1
Invocations    | 2 6 8 9 10 | 10.0
Axes           | 2 6 9 12 14 16 18 20 21 | 21.7
Spellcasting   | 2 6 7 |  7.2
Charms         | 1 6 7 11 | 11.5
Air Magic      | 1 5 7 10 | 10.6
Translocations | 2 6 13 | 13.8
Earth Magic    | 10 | 10.0
Transmutations | 7 |  7.0
Evocations     | 10 | 10.0
Crossbows      | 16 | 16.7

Action                   |  1- 3 |  4- 6 |  7- 9 | 10-12 | 13-15 | 16-18 | 19-21 | 22-24 | 25-27 || total
-------------------------+-------+-------+-------+-------+-------+-------+-------+-------+-------++-------
Melee: Mace              |   131 |   158 |     6 |       |       |       |       |       |       ||   295
       Punch             |       |     1 |       |       |       |       |       |       |       ||     1
       Morningstar       |       |    46 |    40 |       |       |       |       |       |       ||    86
       Hand axe          |       |       |   120 |   299 |       |       |       |       |       ||   419
       Rapier            |       |       |    84 |       |       |       |       |       |       ||    84
       Dire flail        |       |       |       |    35 |       |       |       |       |       ||    35
       Flail             |       |       |       |     5 |       |       |       |       |       ||     5
       Great mace        |       |       |       |   339 |  1241 |  1489 |   396 |    21 |   365 ||  3851
       Headbutt          |       |       |       |    23 |   404 |   103 |       |       |       ||   530
       Quarterstaff      |       |       |       |       |   268 |       |       |       |       ||   268
       Battleaxe         |       |       |       |       |    27 |       |       |       |    14 ||    41
       Whip              |       |       |       |       |     8 |       |       |       |       ||     8
       Executioner's axe |       |       |       |       |       |       |   926 |  1158 |  2637 ||  4721
       Bardiche          |       |       |       |       |       |       |     4 |       |       ||     4
       Peck              |       |       |       |       |       |       |       |   110 |  1176 ||  1286
       Unarmed           |       |       |       |       |       |       |       |    32 |       ||    32
 Fire: Triple crossbow   |       |       |       |       |       |       |       |       |    18 ||    18
Throw: Javelin           |       |       |       |       |       |     2 |     7 |       |       ||     9
       Tomahawk          |       |       |       |       |       |       |     6 |     3 |     9 ||    18
       Throwing net      |       |       |       |       |       |       |     3 |     1 |       ||     4
 Cast: Repel Missiles    |       |       |       |       |       |       |       |     5 |    13 ||    18
       Lesser Beckoning  |       |       |       |       |       |       |       |       |     8 ||     8
       Swiftness         |       |       |       |       |       |       |       |       |     1 ||     1
       Song of Slaying   |       |       |       |       |       |       |       |       |     1 ||     1
Invok: Heroism           |       |     3 |    10 |    20 |    35 |    22 |     8 |    23 |    59 ||   180
       Finesse           |       |       |       |       |     4 |     6 |     5 |     7 |    20 ||    42
 Abil: Fly               |       |       |       |       |       |     1 |       |       |       ||     1
       Evoke Berserk Rag |       |       |       |       |       |       |       |       |     3 ||     3
       Evoke Blink       |       |       |       |       |       |       |       |       |     1 ||     1
Evoke: Wand              |       |       |       |       |     3 |     1 |     3 |       |    12 ||    19
       Phantom mirror    |       |       |       |       |       |       |       |       |     2 ||     2
  Use: Scroll            |       |     5 |       |    11 |    15 |     9 |    18 |    14 |    38 ||   110
       Potion            |       |       |       |     5 |     6 |       |     2 |       |    17 ||    30
 Stab: Sleeping          |     2 |     3 |       |       |       |     3 |     3 |     2 |    10 ||    23
       Distracted        |       |     1 |     1 |       |       |       |     3 |     1 |    17 ||    23
       Petrified         |       |       |       |       |     5 |       |       |       |       ||     5
       Petrifying        |       |       |       |       |     1 |       |       |       |       ||     1
  Eat: Chunk             |     3 |     3 |    15 |    33 |    39 |    36 |    28 |    68 |    42 ||   267
       Bread ration      |       |     1 |       |       |       |       |       |     2 |     5 ||     8
       Fruit             |       |       |     1 |       |       |     3 |     2 |     3 |    21 ||    30
       Meat ration       |       |       |       |       |     1 |     2 |       |       |     2 ||     5
       Beef jerky        |       |       |       |       |       |       |     3 |       |     2 ||     5
       Royal jelly       |       |       |       |       |       |       |       |     1 |     2 ||     3
       Pizza             |       |       |       |       |       |       |       |       |     2 ||     2
Armor: Robe              |    32 |    67 |     4 |       |       |       |       |       |       ||   103
       Scale mail        |       |       |   107 |    40 |       |       |       |       |       ||   147
       Chain mail        |       |       |       |   349 |   711 |   895 |   600 |   719 |  1138 ||  4412
Dodge: Dodged            |   100 |   141 |   173 |   350 |  1191 |  1444 |  1069 |  1079 |  3299 ||  8846
       Deflected         |       |       |       |       |       |       |       |    14 |    49 ||    63
Block: Shield            |       |       |       |       |       |       |       |    28 |       ||    28
